 Dungeon Crawl Stone Soup version 0.22.1-2-g9c5b331383 (webtiles) character file.

7 Allula97 the Vexing (level 1, 0/8 HPs)
             Began as a Felid Enchanter on Dec 8, 2018.
             Slain by a giant cockroach (2 damage)
             ... on level 1 of the Dungeon.
             The game lasted 00:01:29 (86 turns).

Allula97 the Vexing (Felid Enchanter)                 Turns: 86, Time: 00:01:30

Health: 0/8        AC:  1    Str:  4    XL:     1   Next: 91%
Magic:  2/4        EV: 18    Int: 16    God:
Gold:   0          SH:  0    Dex: 16    Spells: 3/4 levels left
                                        Lives:  0   Deaths: 0

rFire    . . .     SeeInvis +     - Unarmed
rCold    . . .     Gourm    .   (shield unavailable)
rNeg     . . .     Faith    .   (armour unavailable)
rPois    .         Spirit   .   (helmet unavailable)
rElec    .         Reflect  .   (cloak unavailable)
rCorr    .         Harm     .   (gloves unavailable)
MR       .....     Rnd*Tele +   (boots unavailable)
Stlth    +++.......             (no amulet)
HPRegen  0.02/turn              c - ring of teleportation (curse)
MPRegen  0.09/turn              (no ring)

@: quick
A: very small, no armour, no weapons or thrown items, stealth, claws 1, fangs 3,
see invisible, carnivore, speed 1, shaggy fur 1, slow metabolism 1, sharp paws
a: no special abilities


You were on level 1 of the Dungeon.
You were not hungry.

You visited 1 branch of the dungeon, and saw 1 of its levels.

Inventory:

Jewellery
 c - a cursed ring of teleportation (left paw)
Comestibles
 a - 3 chunks of flesh
 b - a ration


   Skills:
 * Level 0.4 Fighting
 * Level 2.9 Dodging
 * Level 4.2 Stealth
 * Level 1.2 Unarmed Combat
 + Level 2.0 Spellcasting
 + Level 4.4 Hexes


You had 3 spell levels left.
You knew the following spells:

 Your Spells              Type           Power        Failure   Level  Hunger
a - Corona                Hex            ###....      3%          1    #......

Your spell library contained the following spells:

 Spells                   Type           Power        Failure   Level  Hunger
 Confuse                  Hex            ###.....     10%         3    ###....
 Tukima's Dance           Hex            ###.....     10%         3    ###....
 Ensorcelled Hibernation  Hex/Ice        #.....       12%         2    ###....
 Dazzling Spray           Conj/Hex       #.....       24%         3    ###....


Dungeon Overview and Level Annotations

Branches:
Dungeon (1/15)

Altars:


Innate Abilities, Weirdness & Mutations

You cannot wear armour.
You are incapable of wielding weapons or throwing items.
Your paws allow you to move quietly. (Stealth)
You have sharp claws.
You have razor-sharp teeth.
You have supernaturally acute eyesight. (SInv)
You are carnivorous and can eat meat at any time.
You cover ground quickly.
You are covered in fur. (AC +1)
You have a slow metabolism.
Your sharp claws are effective at attacking unaware monsters.


Message History

The giant cockroach bites you.
You barely miss the giant cockroach.
The giant cockroach bites you but does no damage.
You scratch the giant cockroach.
The giant cockroach is severely wounded.
The giant cockroach completely misses you.
You scratch the giant cockroach but do no damage.
The giant cockroach is severely wounded.
The giant cockroach bites you.
You barely miss the giant cockroach.
The giant cockroach is severely wounded.
The giant cockroach bites you.
* * * LOW HITPOINT WARNING * * *
You barely miss the giant cockroach.
The giant cockroach is severely wounded.
The giant cockroach bites you but does no damage.
You barely miss the giant cockroach.
The giant cockroach is severely wounded.
The giant cockroach bites you.
You die...

≈≈#.#≈≈≈≈§#..............
≈≈#.#≈≈#§§#..............
§≈#.#≈÷§§§#.#............
§§#<#≈§§≈§#.#............
§§#.#≈§§§§#.......>........
§§#.#§§§≈§#................
§≈#.#§§#§§#.#...)...#......
§§#.#§§§§§#.#..(.####......
§§#'#§§§§##.#...@####.....#
###.######..#...s†.........
#..........#####..†.......
............# ##.........
.####...............)......
. #...###########........
#...# #........ #...#
##....... #...# .......


You could see a giant cockroach.

Vanquished Creatures
  A bat (D:1)
  2 giant cockroaches (D:1)
  A hobgoblin (D:1)
  2 kobolds (D:1)
6 creatures vanquished.

Notes
Turn   | Place    | Note
-------+----------+-------------------------------------------
     0 | D:1      | Allula97 the Felid Enchanter began the quest for the Orb.
     0 | D:1      | Reached XP level 1. HP: 7/7 MP: 4/4
    86 | D:1      | Slain by a giant cockroach

Action                   || total
-------------------------++-------
Melee: Unarmed           ||    27
       Bite              ||     1
 Cast: Corona            ||     5
Armor: Skin              ||     2
Dodge: Dodged            ||    28
